 Dungeon Crawl Stone Soup version 0.32-a0-558-g233958a4c4 (webtiles) character file.

Game seed: 8998097274432870663

177 kae the Firebug (level 5, -4/28 HPs)
             Began as a Deep Elf Fire Elementalist on Feb 29, 2024.
             Slain by a gnoll sergeant
             ... wielding a +0 spear
              (9 damage)
             ... on level 3 of the Dungeon.
             The game lasted 00:02:01 (2979 turns).

kae the Firebug (Deep Elf Fire Elementalist)        Turns: 2979, Time: 00:02:02

Health: -4/28      AC:  2    Str:  5    XL:     5   Next: 30%
Magic:  4/13       EV: 12    Int: 22    God:
Gold:   89         SH:  0    Dex: 15    Spells: 4/13 levels left

rFire   . . .        (no weapon)
rCold   . . .        d - orb {light}
rNeg    . . .        a - +0 robe
rPois   .            (no helmet)
rElec   .            (no cloak)
rCorr   .            (no gloves)
SInv    .            (no boots)
Will    .....        (no amulet)
Stlth   +            (no ring)
HPRegen 0.24/turn    (no ring)
MPRegen 0.13/turn

%: no passive effects
@: glowing
A: no striking features
a: no special abilities


You were on level 3 of the Dungeon.
You visited 1 branch of the dungeon, and saw 4 of its levels.

You collected 89 gold pieces.


   Skills:
 - Level 2.4 Dodging
 - Level 2.4 Stealth
 + Level 4.5 Spellcasting
 + Level 2.9 Conjurations
 * Level 5.2 Fire Magic


You had 4 spell levels left.
You knew the following spells:

 Your Spells              Type           Power      Damage    Failure   Level
a - Foxfire               Conj/Fire      92%        2x1d8     1%          1
b - Scorch                Fire           56%        2d7       1%          2
c - Inner Flame           Hex/Fire       16%        N/A       11%         3
d - Volatile Blastmotes   Fire/Tloc      32%        2d12      11%         3

Your spell library contained the following spells:

 Spells                   Type           Power      Damage    Failure   Level
 Flame Wave               Conj/Fire      23%        2d8       21%         4
 Vhi's Electric Charge    Tloc/Air       8%         N/A       71%         4
 Arcjolt                  Conj/Air       5%         1d15      85%         5
 Maxwell's Capacitive Co  Air            2%         ∞         100%        8

Inventory:

Missiles
 e - 20 stones
 i - 4 javelins
 m - 2 boomerangs
Armour
 a - a +0 robe (worn)
 d - an orb of light (worn)
   (You found it on level 1 of the Dungeon)
Jewellery
 P - a ring of poison resistance
   (You found it on level 3 of the Dungeon)
Scrolls
 g - a scroll of vulnerability {unknown}
 j - 2 scrolls of blinking {unknown}
 l - a scroll of noise {unknown}
 n - a scroll of identify {@r1}
 o - a scroll of immolation {unknown}
Potions
 b - a potion of magic
 c - 2 potions of brilliance
 f - a potion of lignification {unknown}
 h - a potion of might {unknown}
 k - a potion of invisibility {unknown}
 p - a potion of haste {unknown}

Dungeon Overview and Level Annotations

Branches:
Dungeon (4/15) Zot: 21018
 Temple: D:4-7

Altars:

#.# #.# #.# #.# #.#
#g# #g# #.### #@..#
###.# ####.# ..##.#
# #.##.# # #.##.#
####### #.##.#
......#########.##.#
#####..............#


You could see a gnoll sergeant and a gnoll (combustible).


Message History

You pick up Maxwell's Memoranda and begin reading...
You add the spells Vhi's Electric Charge, Arcjolt and Maxwell's Capacitive Coupling to your library.
You now have 89 gold pieces (gained 3). 😎 MP[+1]
There is a stone staircase leading up here.
There is a stone staircase leading up here.
You climb upwards.
The goblin shouts!
There is a stone staircase leading down here.
A goblin is nearby!
A goblin is nearby!
Casting: Scorch (safe; 1% risk of failure)
Confirm with . or Enter, or press ? or * to list all spells.
You conjure some foxfire!
The foxfire hits the goblin.
You kill the goblin!
Casting: Foxfire (safe; 1% risk of failure)
Confirm with . or Enter, or press ? or * to list all spells.
You conjure some foxfire! 😎 MP[-1]
You lost 1 mp, and now have 11/13 mp.
You see here a +0 club.
As you open the door, it creaks loudly! 😎 MP[+2]
Your mp is fully restored (13).
Casting: Foxfire (safe; 1% risk of failure)
Confirm with . or Enter, or press ? or * to list all spells.
You conjure some foxfire! 😎 MP[-1]
You lost 1 mp, and now have 12/13 mp.
There is an open door here.
Key pressed, stopping explore.
p - a clear potion 😎 MP[+1]
Your mp is fully restored (13).
Casting: Foxfire (safe; 1% risk of failure)
Confirm with . or Enter, or press ? or * to list all spells.
You conjure some foxfire!
The gnoll sergeant hits your foxfire from afar with a +0 spear! 😎 MP[-1]
You lost 1 mp, and now have 12/13 mp.
A gnoll sergeant is nearby!
A gnoll sergeant is nearby!
A gnoll sergeant is nearby!
Casting: Foxfire (safe; 1% risk of failure)
Confirm with . or Enter, or press ? or * to list all spells.
Okay, then.
Unknown command.
Casting: Inner Flame (quite dangerous; 11% risk of failure)
Confirm with . or Enter, or press ? or * to list all spells.
You conjure some foxfire!
The foxfire hits the gnoll sergeant.
Casting: Foxfire (safe; 1% risk of failure)
Confirm with . or Enter, or press ? or * to list all spells.
You conjure some foxfire!
The foxfire hits the gnoll sergeant.
The foxfire hits the gnoll sergeant but does no damage. x2 😎 MP[-1]
You lost 1 mp, and now have 11/13 mp.
Casting: Foxfire (safe; 1% risk of failure)
Confirm with . or Enter, or press ? or * to list all spells.
You can't see any susceptible monsters within range! (Use Z to cast anyway.)
Casting: Foxfire (safe; 1% risk of failure)
Confirm with . or Enter, or press ? or * to list all spells.
You can't see any susceptible monsters within range! (Use Z to cast anyway.)
Casting: Foxfire (safe; 1% risk of failure)
Confirm with . or Enter, or press ? or * to list all spells.
You conjure some foxfire!
The foxfire hits the gnoll sergeant but does no damage. x2 😎 MP[-1]
You lost 1 mp, and now have 10/13 mp.
Casting: Foxfire (safe; 1% risk of failure)
Confirm with . or Enter, or press ? or * to list all spells.
Flames lash the gnoll sergeant but do no damage.
You hear a shout! 😎 MP[-2]
You lost 2 mp, and now have 8/13 mp.
Casting: Scorch (safe; 1% risk of failure)
Confirm with . or Enter, or press ? or * to list all spells.
Flames lash the gnoll sergeant but do no damage.
The gnoll sergeant hits you from afar with a +0 spear.
The gnoll sergeant hits you from afar with a +0 spear. 😕 HP[-5] MP[-1]
You take 5 damage, and now have 23/28 hp.
You lost 1 mp, and now have 7/13 mp.
Casting: Scorch (safe; 1% risk of failure)
Confirm with . or Enter, or press ? or * to list all spells.
You conjure some foxfire!
The gnoll sergeant closely misses you.
The foxfire hits the gnoll sergeant. x2
The gnoll sergeant hits you from afar with a +0 spear! 😮 HP[-7] MP[-1]
You take 7 damage, and now have 16/28 hp.
MASSIVE DAMAGE!! (PAUSE)
You lost 1 mp, and now have 6/13 mp.
Casting: Foxfire (safe; 1% risk of failure)
Confirm with . or Enter, or press ? or * to list all spells.
Flames lash the gnoll.
The gnoll's fire resistance burns away.
The gnoll sergeant hits you from afar with a +0 spear!
* * * LOW HITPOINT WARNING * * *
The gnoll sergeant hits you from afar with a +0 spear!
You die...

Skill      XL: |  1  2  3  4 |
---------------+-------------+-----
Fire Magic     | 4 5 |  5.2
Conjurations   | 2 |  2.9
Spellcasting   | 4 |  4.5
Dodging        | |  2.4
Stealth        | |  2.4

Action                     |  1- 3 |  4- 6 || total
---------------------------+-------+-------++-------
  Melee: Unarmed           |     6 |     1 ||     7
   Cast: Foxfire           |    62 |    48 ||   110
         Scorch            |    12 |    12 ||    24
    Use: Scroll            |     2 |       ||     2
         Potion            |       |     2 ||     2
 Armour: Robe              |    20 |    16 ||    36
  Dodge: Dodged            |    32 |    14 ||    46

Levels and vault maps discovered:
D:1:      erik_arrival_cave_to_civilisation [erik_arrival_cave_to_hall],
          layout_basic, hellmonk_ecumenical_altar_pennies_from_heaven
D:2:      layout_loops_ring
D:3:      layout_loops_ring, skrybe_limestone_x, grunt_ministairs_13
D:4:      layout_cave_pools, nicolae_houndstooth_variations

Notes
Turn   | Place    | Note
-------+----------+-------------------------------------------
     0 | D:1      | kae the Deep Elf Fire Elementalist began the quest for the
                  | Orb.
     0 | D:1      | Reached XP level 1. HP: 10/10 MP: 6/6
     0 | D:1      | magus.rc [v1.11.3]
   116 | D:1      | Reached XP level 2. HP: 15/15 MP: 5/8
   240 | D:1      | Learned a level 2 spell: Scorch
   402 | D:1      | Reached skill level 4 in Fire Magic
   445 | D:1      | Reached XP level 3. HP: 19/19 MP: 7/10
   452 | D:1      | Found a faded altar of an unknown god.
  1110 | D:2      | Reached skill level 2 in Conjurations
  1155 | D:2      | Identified the +8 dagger of Ekuca {spect, *Corrode rF+
                  | Int-3 Dex+7}
  1222 | D:2      | Learned a level 3 spell: Inner Flame
  1254 | D:2      | Learned a level 3 spell: Volatile Blastmotes
  1930 | D:3      | Reached XP level 4. HP: 24/24 MP: 7/11
  1996 | D:2      | Reached skill level 4 in Spellcasting
  2244 | D:3      | Reached skill level 5 in Fire Magic
  2354 | D:3      | Reached XP level 5. HP: 28/28 MP: 9/13
  2371 | D:3      | HP: 1/28 [gnoll sergeant/+0 spear (10)]
  2381 | D:3      | HP: 4/28 [gnoll sergeant/+0 spear (6)]
  2741 | D:4      | You add the spells Vhi's Electric Charge, Arcjolt and
                  | Maxwell's Capacitive Coupling to your library.
  2978 | D:3      | HP: 5/28 [gnoll sergeant/+0 spear (12)]
  2979 | D:3      | Slain by a gnoll sergeant

Vanquished Creatures
  A bombardier beetle (D:2)
  3 gnolls (D:3)
  3 adders
  3 ribbon worms
  4 dart slugs
  3 orcs (D:3)
  3 ball pythons (D:1)
  5 bats
  7 endoplasms
  2 giant cockroaches (D:1)
  6 goblins
  8 hobgoblins
  2 jackals (D:2)
  3 kobolds
  3 quokkas
  2 frilled lizards
  6 rats
64 creatures vanquished.

Vanquished Creatures (others)
  176 foxfires
176 creatures vanquished.

Grand Total: 240 creatures vanquished

Table legend:
 A = Non-vault XP
 B = Vault XP
 C = Vault XP percentage of total XP
 D = Non-vault monster count
 E = Vault monster count
 F = Vault count percentage of total count
                 A         B        C        D         E       F
            +---------+---------+-------+---------+---------+-------
      Total |     246 |       7 |   2.8 |      60 |       4 |   6.2
            +---------+---------+-------+---------+---------+-------
        D:1 |      48 |       4 |   7.7 |      25 |       2 |   7.4
        D:2 |      87 |       0 |   0.0 |      13 |       0 |   0.0
        D:3 |      99 |       3 |   2.9 |      17 |       2 |  10.5
        D:4 |      12 |       0 |   0.0 |       5 |       0 |   0.0
            +---------+---------+-------+---------+---------+-------

Skill      XL: |  1  2  3  4 |
---------------+-------------+-----
Fire Magic     | 4 5 |  5.2
Conjurations   | 2 |  2.9
Spellcasting   | 4 |  4.5
Dodging        | |  2.4
Stealth        | |  2.4

Action                     |  1- 3 |  4- 6 || total
---------------------------+-------+-------++-------
  Melee: Unarmed           |     6 |     1 ||     7
   Cast: Foxfire           |    62 |    48 ||   110
         Scorch            |    12 |    12 ||    24
    Use: Scroll            |     2 |       ||     2
         Potion            |       |     2 ||     2
 Armour: Robe              |    20 |    16 ||    36
  Dodge: Dodged            |    32 |    14 ||    46

Illustrated notes

Table legend:
 A = Kills in this place as a percentage of kills in the entire game.
 B = Kills by you in this place as a percentage of kills by you in the entire game.
 C = Kills by friends in this place as a percentage of kills by friends in the entire game.
 D = Other kills in this place as a percentage of other kills in the entire game.
 E = Experience gained in this place as a percentage of experience gained in the entire game.
 F = Experience gained in this place divided by the number of levels of this place that you have seen.
                   A       B       C       D       E      F
               +-------+-------+-------+-------+-------+----------------------
         Total | 100.0 | 100.0 |   N/A |   N/A | 100.0 |  63.2
       Dungeon | 100.0 | 100.0 |   N/A |   N/A | 100.0 |  63.2
               +-------+-------+-------+-------+-------+----------------------

Table legend: (Time is in decaauts)
 A = Elapsed time spent in this place.
 B = Non-inter-level travel time spent in this place.
 C = Inter-level travel time spent in this place.
 D = Time resting spent in this place.
 E = Time spent auto-exploring this place.
 F = Levels seen in this place.
 G = Mean time per level.
                   A        B        C        D        E       F      G
               +--------+--------+--------+--------+--------+-----+--------+
         Total |   2980 |   2866 |    114 |    115 |   2298 |   4 |  745.0 |
       Dungeon |   2980 |   2866 |    114 |    115 |   2298 |   4 |  745.0 |
               +--------+--------+--------+--------+--------+-----+--------+

Top non-repeatable levels by time:
     D:1: 1097 daAuts
     D:2: 884 daAuts
     D:3: 631 daAuts
     D:4: 367 daAuts
